Unix NetHack Version 5.0.0-0 post-release - last build May 10 2026 23:12:36 (d1fa5d53e341ca933230fdaa984d921c805b60aa,branch:main).

Game began 2026-05-14 16:25:53, ended 2026-05-14 16:33:28.

DaveT, lawful male human Priest

                                                                      -----
              --------                                   #########`   |.[[|
              |......|                   --------        #        ####-.[[|
              |......|     --------      |......|        #           #|.[[|
              |.......#    |.......###   |.......#       #           #-----
              |....{.|#    |......|  #   |......|## ######           #
              |......|##   |......|  #   |......| ###    #           #
              ----|--- #   |..S...|  #   |.......###     #           #
                 ##    ##  -.------  ####..{....|  ##    #           #
                 #      #   #            --------   #    #           #
                 #      #   # #                 #################    #
           #######      #   ###                     ### #-------.----#
           #    #       ##   ##                         #|...........#
    -------.----.---     #    ##                      ###|..........|
    |..............|     # #####                 ########...........|
    |..............|     #-.---.-- `G@))#)#)######       ------------
    |..............|     #|....[.. #
    |..............|     #...<...|
    ----------------      -.------

DaveT the Acolyte            St:11 Dx:14 Co:11 In:8 Wi:18 Ch:13  Lawful
Dlvl:4  $:13 HP:0(33) Pw:53(53) AC:3  Xp:4 T:1389 

Latest messages:
 Perhaps that's why you cannot move it.
 You hear a monster behind the boulder.
 Perhaps that's why you cannot move it.
 You hear a monster behind the boulder.
 Perhaps that's why you cannot move it.
 You hear a monster behind the boulder.
 Perhaps that's why you cannot move it.
 You hear a monster behind the boulder.
 Perhaps that's why you cannot move it.
 You hear a monster behind the boulder.
 Perhaps that's why you cannot move it.
 You hear a monster behind the boulder.
 Perhaps that's why you cannot move it.
 You hear a monster behind the boulder.
 Perhaps that's why you cannot move it.
 You hear a monster behind the boulder.
 Perhaps that's why you cannot move it.
 You see here 2 arrows.
 An arrow misses you.
 You see here 3 arrows.
 You are hit by an arrow!
 You see here an arrow.
 You are hit by an arrow.
 You hear a monster behind the boulder.
 Perhaps that's why you cannot move it.
 You hear a monster behind the boulder.
 Perhaps that's why you cannot move it.
 You hear a monster behind the boulder.
 Perhaps that's why you cannot move it.
 You hear a monster behind the boulder.
 Perhaps that's why you cannot move it.
 You hear a monster behind the boulder.
 Perhaps that's why you cannot move it.
 With great effort you move the boulder.
 You are hit by an arrow!
 You are hit by an arrow!
 You are hit by an arrow.
 You are hit by an arrow!
 An arrow misses you.
 You are hit by an arrow.
 You hear the wailing of the Banshee...
 You try to move the boulder, but in vain.
 What do you want to zap? [i or ?*] i
 In what direction? h
 The gnome lord seems to be moving slower.
 The gnome lord swings his bow.
 The gnome lord hits!
 You die...
 Do you want your possessions identified? [ynq] (y) y
 Do you want to see your attributes? [ynq] (y) q

Inventory:
 Coins    ('$')
  $ - 13 gold pieces
 Weapons  (')')
  q - 6 +0 darts
  n - a cursed +1 orcish dagger
  a - a blessed +1 mace (weapon in right hand)
 Armor    ('[')
  r - a rustproof +0 orcish helm (being worn)
  D - a +0 pair of low boots (being worn)
  c - a +0 small shield (being worn)
  b - a blessed +2 robe (being worn)
 Comestibles  ('%')
  p - 2 slime molds
  e - a clove of garlic
  m - 2 food rations
  f - a sprig of wolfsbane
 Scrolls  ('?')
  C - a scroll of light
  k - a cursed scroll of light
 Spellbooks  ('+')
  E - a blessed spellbook of light
 Potions  ('!')
  s - 2 potions of healing
  d - 2 potions of holy water
 Wands    ('/')
  i - a wand of slow monster (0:5)
 Tools    ('(')
  l - a pair of lenses (being worn)
  o - a tin whistle

DaveT the Priest's attributes:

Background:
 You were an Acolyte, a level 4 human Priest.
 You were lawful, on a mission for Anu
 who was opposed by Ishtar (neutral) and Anshar (chaotic).
 You were right-handed.
 You were in the Dungeons of Doom, on level 4.
 You entered the dungeon 1389 turns ago.
 You had 84 experience points, 76 more were needed to attain level 5.

Basics:
 You had 0 out of 33 hit points.
 You had all 53 energy points (spell power).
 Your armor class was 3.
 Your wallet contained 13 zorkmids.
 Autopickup was off.

Final Characteristics:
 Your strength was 11 (limit:18/100).
 Your dexterity was 14 (limit:18).
 Your constitution was 11 (limit:18).
 Your intelligence was 8 (limit:18).
 Your wisdom was 18 (limit:18).
 Your charisma was 13 (limit:18).

Final Status:
 You weren't hungry.
 You were unencumbered.
 You were wielding a mace.
 You had basic skill with mace.

Final Attributes:
 You were devoutly aligned.
 You were guarded.
 Your spell casting was enhanced by wearing a robe.
 You are dead.

Miscellaneous:
 You didn't encounter any bones levels.
 Total elapsed playing time was 7 minutes and 35 seconds.

Major events:
 Turn
    1: DaveT the lawful human Priest entered the dungeon
  387: entered the Gnomish Mines
  598: attained the rank of Acolyte (level 3)
 1389: killed by a gnome lord

Spells:
 Name                 Level Category     Fail Retention
 light                  1   clerical       0%  91%-100%
 detect monsters        1   divination     0%  76%-100%

Skills:
 Fighting Skills
   bare handed combat [Unskilled]
 Weapon Skills
   club               [Unskilled]
   mace               [Basic]
   morning star       [Unskilled]
   flail              [Unskilled]
   hammer             [Unskilled]
   quarterstaff       [Unskilled]
   polearms           [Unskilled]
   spear              [Unskilled]
   trident            [Unskilled]
   lance              [Unskilled]
   bow                [Unskilled]
   sling              [Unskilled]
   crossbow           [Unskilled]
   dart               [Unskilled]
   shuriken           [Unskilled]
   boomerang          [Unskilled]
   unicorn horn       [Unskilled]
 Spellcasting Skills
   healing spells     [Unskilled]
   divination spells  [Unskilled]
   clerical spells    [Basic]

Voluntary challenges:
 Character rerolling was not enabled.
 You never genocided any monsters.
 You never polymorphed an object.
 You never changed form.
 You used no wishes.
Achievements:
 You entered the Gnomish Mines.
 You entered a shop.
 You attained the rank of Acolyte.

 The Dungeons of Doom: levels 1 to 4
    Level 1:
       An altar.
    Level 2:
       A general store.
       Stairs down to The Gnomish Mines.
    Level 3:
       A scroll shop, a fountain.
    Level 4: <- You were here.
       An armor shop, some fountains.
       Final resting place for
          you, killed by a gnome lord.
 The Gnomish Mines:
    Level 3:


Vanquished creatures:
  a wererat
 an iguana
  a giant rat
  a yellow mold
  a green mold
  a red mold
  a gnome
  a gnome zombie
  a gecko
  a fox
  2 goblins
  7 sewer rats
  3 grid bugs
  a bat
  2 lichens
  a kobold zombie
  4 newts
30 creatures vanquished.

No species were genocided or became extinct.

Game over:
                       ----------
                      /          \
                     /    REST    \
                    /      IN      \
                   /     PEACE      \
                  /                  \
                  |      DaveT       |
                  |      13 Au       |
                  |   killed by a    |
                  |    gnome lord    |
                  |                  |
                  |                  |
                  |       2026       |
                 *|     *  *  *      | *
        _________)/\\_//(\/(/\)/\//\/|_)_______

Goodbye DaveT the Priest...

You died in The Dungeons of Doom on dungeon level 4 with 518 points,
and 13 pieces of gold, after 1389 moves.
You were level 4 with a maximum of 33 hit points when you died.

